Crunch vs Griffins
(R1)
Created - April 13, 2021 at 19:01
Goals
|
| Crunch |
1 |
2 |
0 |
3 |
| Griffins |
0 |
4 |
0 |
4 |
|
Shots
|
| Crunch |
12 |
11 |
8 |
31 |
| Griffins |
13 |
16 |
8 |
37 |
|
1st period
1. Crunch , Teemu Hartikainen 16 (Cody Goloubef 48, Kevin Fiala 16) at 7:02 (PP)
Penalties :
Ben Hanowski (Gra) for Hooking (Minor) at 5:17, Riley Armstrong (Gra) for Holding (Minor) at 10:32, Marcus Pettersson (Gra) for Cross-checking (Minor) at 13:49
2nd period
2. Griffins , Dylan Larkin 43 (Tye McGinn 58, Jordie Benn 21) at 0:12
3. Griffins , Tye McGinn 39 (Dylan Larkin 53) at 2:15
4. Griffins , Tye McGinn 40 (Dylan Larkin 54) at 7:26
5. Griffins , Adam Gaudette 29 (Max Domi 36, Brandon Pirri 35) at 8:49
6. Crunch , Kirill Kaprizov 12 (Nicolas Aube-Kubel 21, Matt Tennyson 24) at 12:14
7. Crunch , Kevin Fiala 17 (Matt Tennyson 25, Cody Goloubef 49) at 17:44
Penalties :
Kevin Fiala (Syr) for Tripping (Minor) at 3:00, Marcus Pettersson (Gra) for Cross-checking (Minor) at 3:06, Brandon Pirri (Gra) for Interference (Minor) at 6:14, Noah Hanifin (Syr) for Tripping (Minor) at 6:18, Ben Hanowski (Gra) for Tripping (Minor) at 19:08
3rd period
No Goal
Penalties :
Oscar Sundqvist (Syr) for Interference (Minor) at 10:20
Goalie Stats
Alex Nedeljkovic (Syr), 33 saves from 37 shots - (0.892), L, 20-18-7, 59:03 minutes
Olivier Roy (Gra), 28 saves from 31 shots - (0.903), W, 22-12-3, 60:00 minutes
Players Stats for Crunch
Player Name G A P +/- PIM S H SB GA TA FO MP PP MP PK MP
------------------------------------------------------------------------------------
Anthony Cirelli 0 0 0 1 0 0 1 1 0 0 11/23 14:24 0:00 1:00
Brendan Guhle 0 0 0 -3 0 1 0 0 0 1 0/0 17:45 0:00 1:02
Brock Boeser 0 0 0 -2 0 1 0 0 0 0 1/1 9:56 2:29 0:00
Chase De Leo 0 0 0 0 0 2 0 0 0 0 2/3 8:03 0:00 0:12
Cody Goloubef 0 2 2 1 0 2 2 4 0 2 0/0 25:24 3:39 1:07
Dalton Smith 0 0 0 0 0 2 1 0 0 0 0/0 8:42 0:00 0:06
Dylan Strome 0 0 0 0 0 0 1 0 0 1 4/8 15:53 3:56 0:47
Jacob Larsson 0 0 0 0 0 0 0 0 1 0 0/0 14:49 3:39 0:00
Kevin Fiala 1 1 2 1 2 3 1 0 1 1 0/1 19:24 4:02 0:04
Kirill Kaprizov 1 0 1 0 0 5 2 0 0 1 0/0 15:46 0:09 0:54
Matt Tennyson 0 2 2 0 0 4 2 1 1 1 0/0 27:37 4:13 1:03
Max McCormick 0 0 0 0 0 0 0 0 0 1 0/0 12:28 0:19 0:00
Nicolas Aube-Kubel 0 1 1 0 0 3 1 0 0 0 0/1 13:19 1:17 0:00
Noah Hanifin 0 0 0 -2 2 2 1 4 0 1 0/0 21:52 4:12 0:00
Oscar Sundqvist 0 0 0 -3 2 3 2 1 0 0 11/31 20:42 3:47 0:06
Sean Walker 0 0 0 0 0 0 0 2 0 1 0/0 12:59 0:00 1:06
Teemu Hartikainen 1 0 1 1 0 3 2 0 0 1 0/0 17:19 3:56 1:09
William Nylander 0 0 0 -3 0 0 1 0 1 0 0/0 17:38 3:41 0:00
Players Stats for Griffins
Player Name G A P +/- PIM S H SB GA TA FO MP PP MP PK MP
------------------------------------------------------------------------------------
Adam Gaudette 1 0 1 0 0 4 2 0 0 0 2/3 15:56 0:59 0:06
Ben Hanowski 0 0 0 1 4 0 3 0 0 0 1/2 16:01 0:00 1:25
Brandon Pirri 0 1 1 1 2 3 3 0 0 0 1/2 12:45 0:59 1:24
Brendan Woods 0 0 0 0 0 0 2 1 0 0 1/2 13:47 0:00 5:02
Danny Kristo 0 0 0 0 0 1 0 0 1 1 1/5 15:14 0:00 4:51
Dylan Larkin 1 2 3 2 0 5 1 1 0 0 21/34 17:44 1:10 0:00
Jordie Benn 0 1 1 2 0 0 2 1 0 0 0/0 23:53 1:16 4:39
Marcus Pettersson 0 0 0 2 4 1 2 2 2 2 0/0 19:28 1:15 0:00
Mathew Barzal 0 0 0 0 0 0 0 0 0 0 5/7 10:59 0:49 0:13
Max Domi 0 1 1 0 0 2 1 0 2 0 1/1 16:13 1:14 0:06
Phil Oreskovic 0 0 0 0 0 1 0 2 0 0 0/0 16:50 0:00 3:19
Riley Armstrong 0 0 0 -1 2 3 2 1 1 0 5/9 13:41 0:54 0:00
Rourke Chartier 0 0 0 0 0 2 0 0 0 0 1/3 7:20 0:00 0:00
Ryan Pulock 0 0 0 0 0 0 0 1 1 0 0/0 15:33 0:00 3:13
Simon Despres 0 0 0 0 0 3 1 2 1 1 0/0 23:17 0:04 4:33
Sonny Milano 0 0 0 0 0 2 1 0 0 0 0/0 7:34 0:01 0:00
Travis Sanheim 0 0 0 0 0 2 2 0 1 0 0/0 20:40 0:53 0:00
Tye McGinn 2 1 3 2 0 8 3 2 2 0 0/0 21:19 1:10 2:37
3 Stars
1 - Tye McGinn (Gra)
2 - Dylan Larkin (Gra)
3 - Cody Goloubef (Syr)
Power Play
Crunch - 1 on 6 Attempt(s) - 16.67%
Griffins - 0 on 3 Attempt(s) - 0.00%
Penalty Kill
Crunch - 3 on 3 Attempt(s) - 100.00%
- Score 0 goal in Penalty Kill
Griffins - 5 on 6 Attempt(s) - 83.33%
- Score 0 goal in Penalty Kill
Team Stat
Crunch - Hits : 17 - Faceoff Wins : 29 - Blocked Shots : 13 - Penalty Minutes : 6
Griffins - Hits : 25 - Faceoff Wins : 39 - Blocked Shots : 13 - Penalty Minutes : 12
Official
Referees : Unknown
Linesman : Unknown
Game Notes
8:20 of 1st period - Crunch goal is going for a video replay. After video review, No Goal. The referee deems the play has been stopped, even if he had not physically had the opportunity to stop play by blowing his whistle.
Brock Boeser is injured at 7:18 of 2nd period (Bruised Right Foot)
Finance
Level 1 -- Attendance: 1957 (97.85%) -- Ticket Income $68,495
Level 2 -- Attendance: 699 (69.90%) -- Ticket Income $13,980
Total Attendance: 2656 (88.53%)
Total Ticket Income: $82,475
Other Income: $4,124
Total Income: $86,599
Crunch
5 vs 5 Forward
Center Left Wing Right Wing Time % Phy DF OF
1 Oscar Sundqvist William Nylander Brock Boeser 30 1 2 2
2 Anthony Cirelli Teemu Hartikainen Kevin Fiala 30 1 2 2
3 Dylan Strome Kirill Kaprizov Nicolas Aube-Kubel 25 1 2 2
4 Chase De Leo Dalton Smith Max McCormick 15 1 2 2
5 vs 5 Defense
Defense Defense Time % Phy DF OF
1 Matt Tennyson Cody Goloubef 40 1 2 2
2 Brendan Guhle Noah Hanifin 30 1 2 2
3 Sean Walker Jacob Larsson 20 1 2 2
4 Matt Tennyson Cody Goloubef 10 1 2 2
PowerPlay Forward
Center Left Wing Right Wing Time % Phy DF OF
1 Oscar Sundqvist William Nylander Brock Boeser 60 1 2 2
2 Dylan Strome Teemu Hartikainen Kevin Fiala 40 1 2 2
PowerPlay Defense
Defense Defense Time % Phy DF OF
1 Matt Tennyson Noah Hanifin 60 1 2 2
2 Jacob Larsson Cody Goloubef 40 1 2 2
Penalty Kill 4 Players Forward
Center Wing Time % Phy DF OF
1 Oscar Sundqvist Teemu Hartikainen 60 1 2 2
2 Anthony Cirelli William Nylander 40 1 2 2
Penalty Kill 4 Players Defense
Defense Defense Time % Phy DF OF
1 Matt Tennyson Cody Goloubef 60 1 2 2
2 Brendan Guhle Sean Walker 40 1 2 2
Penalty Kill - 3 Players Forward
Forward Time % Phy DF OF
1 Oscar Sundqvist 60 1 2 2
2 Anthony Cirelli 40 1 2 2
Penalty Kill - 3 Players Defense
Defense Defense Time % Phy DF OF
1 Matt Tennyson Cody Goloubef 60 1 2 2
2 Brendan Guhle Sean Walker 40 1 2 2
4 vs 4 Forward
Center Wing Time % Phy DF OF
1 Oscar Sundqvist Brock Boeser 60 1 2 2
2 Anthony Cirelli William Nylander 40 1 2 2
4 vs 4 Defense
Defense Defense Time % Phy DF OF
1 Matt Tennyson Noah Hanifin 60 1 2 2
2 Sean Walker Cody Goloubef 40 1 2 2
Last Minutes Offensive
Center Left Wing Right Wing Defense Defense
Oscar Sundqvist William Nylander Brock Boeser Matt Tennyson Noah Hanifin
Last Minutes Defensive
Center Left Wing Right Wing Defense Defense
Anthony Cirelli Teemu Hartikainen Kevin Fiala Brendan Guhle Cody Goloubef
Goaltenders
Starting : Alex Nedeljkovic
Backup : Kaapo Kahkonen
Extra Forwards
Normal : William Nylander, Kevin Fiala, Kirill Kaprizov - PP : Nicolas Aube-Kubel, Kevin Fiala - PK : Teemu Hartikainen
Extra Defensemen
Normal : Brendan Guhle, Sean Walker, Matt Tennyson - PP : Brendan Guhle - PK : Jacob Larsson, Sean Walker
Penalty Shots
Kevin Fiala, William Nylander, Brock Boeser, Kirill Kaprizov, Teemu Hartikainen
Scratches
Michael Downing (Healthy), Jeremy Lauzon (Right Eye Injury), Charles-Olivier Roussel (Healthy), Kyle Capobianco (Healthy), Pontus Aberg (Strained Right Elbow Injury)
Axel Holmstrom (Healthy), Keegan Iverson (Healthy)
Griffins
5 vs 5 Forward
Center Left Wing Right Wing Time % Phy DF OF
1 Dylan Larkin Tye McGinn Ben Hanowski 40 0 2 3
2 Riley Armstrong Max Domi Adam Gaudette 30 0 2 3
3 Mathew Barzal Brandon Pirri Danny Kristo 20 0 2 3
4 Rourke Chartier Sonny Milano Brendan Woods 10 0 3 2
5 vs 5 Defense
Defense Defense Time % Phy DF OF
1 Travis Sanheim Simon Despres 35 0 3 2
2 Marcus Pettersson Jordie Benn 35 0 3 2
3 Ryan Pulock Phil Oreskovic 15 0 3 2
4 Ryan Pulock Phil Oreskovic 15 0 3 2
PowerPlay Forward
Center Left Wing Right Wing Time % Phy DF OF
1 Dylan Larkin Tye McGinn Max Domi 60 0 1 4
2 Riley Armstrong Brandon Pirri Adam Gaudette 40 0 1 4
PowerPlay Defense
Defense Defense Time % Phy DF OF
1 Jordie Benn Marcus Pettersson 60 0 2 3
2 Mathew Barzal Travis Sanheim 40 0 2 3
Penalty Kill 4 Players Forward
Center Wing Time % Phy DF OF
1 Danny Kristo Brendan Woods 60 0 4 1
2 Ben Hanowski Tye McGinn 40 0 4 1
Penalty Kill 4 Players Defense
Defense Defense Time % Phy DF OF
1 Jordie Benn Simon Despres 60 1 2 2
2 Phil Oreskovic Ryan Pulock 40 1 2 2
Penalty Kill - 3 Players Forward
Forward Time % Phy DF OF
1 Brendan Woods 60 0 4 1
2 Danny Kristo 40 0 4 1
Penalty Kill - 3 Players Defense
Defense Defense Time % Phy DF OF
1 Jordie Benn Simon Despres 60 1 2 2
2 Phil Oreskovic Ryan Pulock 40 1 2 2
4 vs 4 Forward
Center Wing Time % Phy DF OF
1 Dylan Larkin Tye McGinn 60 0 2 3
2 Max Domi Adam Gaudette 40 0 2 3
4 vs 4 Defense
Defense Defense Time % Phy DF OF
1 Travis Sanheim Simon Despres 60 0 3 2
2 Jordie Benn Marcus Pettersson 40 0 3 2
Last Minutes Offensive
Center Left Wing Right Wing Defense Defense
Dylan Larkin Tye McGinn Max Domi Marcus Pettersson Travis Sanheim
Last Minutes Defensive
Center Left Wing Right Wing Defense Defense
Tye McGinn Brendan Woods Danny Kristo Phil Oreskovic Simon Despres
Goaltenders
Starting : Olivier Roy
Backup : Igor Shesterkin
Extra Forwards
Normal : Dylan Larkin, Max Domi, Mathew Barzal - PP : Sonny Milano, Danny Kristo - PK : Brandon Pirri
Extra Defensemen
Normal : Travis Sanheim, Marcus Pettersson, Phil Oreskovic - PP : Simon Despres - PK : Marcus Pettersson, Travis Sanheim
Penalty Shots
Dylan Larkin, Brandon Pirri, Danny Kristo, Sonny Milano, Ben Hanowski
Scratches
Vladislav Namestnikov (Healthy), Garrett Wilson (Healthy), Mathieu Joseph (Healthy), Troy Terry (Healthy), Tanner Kero (Healthy)
Greg McKegg (Healthy), Nikita Pavlychev (Healthy), Konrad Abeltshauser (Healthy), Dylan DeMelo (Healthy), Tomas Hyka (Healthy)
Ian McCoshen (Healthy), Michael Bunting (Healthy), Ryan Mantha (Healthy), Jack Ramsey (Healthy), Marcus Hogberg (Healthy)
% Time on Ice - Crunch
Lines # - Real PCT - Wanted PCT - Time Play
Normal Forward
1 - 29% - 30% - 13:14
2 - 31% - 30% - 13:43
3 - 23% - 25% - 10:10
4 - 17% - 15% - 7:51
Normal Defense
1 - 40% - 40% - 18:07
2 - 33% - 30% - 14:58
3 - 23% - 20% - 10:28
4 - 3% - 10% - 1:25
PP Forward
1 - 50% - 60% - 3:56
2 - 50% - 40% - 3:56
PP Defense
1 - 54% - 60% - 4:13
2 - 46% - 40% - 3:39
PK Forward
1 - 100% - 60% - 2:09
2 - 0% - 40% - 0:00
PK Defense
1 - 49% - 60% - 1:03
2 - 51% - 40% - 1:06
PK3 Forward
1 - 0% - 60%
2 - 0% - 40%
PK3 Defense
1 - 0% - 60%
2 - 0% - 40%
44 Forward
1 - 82% - 60% - 3:08
2 - 18% - 40% - 0:40
44 Defense
1 - 69% - 60% - 2:38
2 - 31% - 40% - 1:10
Last Minute Offensive - 1:13
Last Minute Defensive - 0:00
Total
Forward - 60:00
Defense - 60:00
|
% Time on Ice - Griffins
Lines # - Real PCT - Wanted PCT - Time Play
Normal Forward
1 - 32% - 40% - 14:16
2 - 33% - 30% - 15:03
3 - 19% - 20% - 8:29
4 - 16% - 10% - 7:20
Normal Defense
1 - 36% - 35% - 16:28
2 - 36% - 35% - 16:26
3 - 14% - 15% - 6:23
4 - 13% - 15% - 5:51
PP Forward
1 - 54% - 60% - 1:10
2 - 46% - 40% - 0:59
PP Defense
1 - 62% - 60% - 1:20
2 - 38% - 40% - 0:49
PK Forward
1 - 69% - 60% - 5:26
2 - 31% - 40% - 2:26
PK Defense
1 - 58% - 60% - 4:33
2 - 42% - 40% - 3:19
PK3 Forward
1 - 0% - 60%
2 - 0% - 40%
PK3 Defense
1 - 0% - 60%
2 - 0% - 40%
44 Forward
1 - 71% - 60% - 2:42
2 - 29% - 40% - 1:06
44 Defense
1 - 64% - 60% - 2:26
2 - 36% - 40% - 1:22
Last Minute Offensive - 0:00
Last Minute Defensive - 1:03
Total
Forward - 60:00
Defense - 60:00
|
Play-by-Play
1st period
0:01 of 1st period - Dylan Larkin wins face-off versus Oscar Sundqvist in neutral zone.
0:16 of 1st period - Slapshot by Tye McGinn.
0:16 of 1st period - Shot Misses the Net.
0:36 of 1st period - Slapshot by Cody Goloubef.
0:36 of 1st period - Stopped by Olivier Roy with a rebound.
1:10 of 1st period - Icing by Brendan Woods.
1:11 of 1st period - Rourke Chartier wins face-off versus Chase De Leo in Griffins zone.
1:26 of 1st period - Wrist shot by Dalton Smith.
1:26 of 1st period - Shot Blocked by Marcus Pettersson.
1:28 of 1st period - Slapshot by Brendan Guhle.
1:28 of 1st period - Shot Misses the Net.
1:30 of 1st period - Slapshot by Brendan Guhle.
1:30 of 1st period - Stopped by Olivier Roy with a rebound.
1:32 of 1st period - Slapshot by Chase De Leo.
1:32 of 1st period - Stopped by Olivier Roy without a rebound.
1:33 of 1st period - Anthony Cirelli wins face-off versus Ben Hanowski in Griffins zone.
1:49 of 1st period - Off-side.
1:50 of 1st period - Riley Armstrong wins face-off versus Oscar Sundqvist in neutral zone.
2:00 of 1st period - Wrist shot by Max Domi.
2:00 of 1st period - Shot Blocked by Oscar Sundqvist.
3:01 of 1st period - Snap shot by Sonny Milano.
3:01 of 1st period - Stopped by Alex Nedeljkovic with a rebound.
3:03 of 1st period - Slapshot by Simon Despres.
3:03 of 1st period - Stopped by Alex Nedeljkovic without a rebound.
3:04 of 1st period - Dylan Larkin wins face-off versus Oscar Sundqvist in Crunch zone.
3:07 of 1st period - Snap shot by Dylan Larkin.
3:07 of 1st period - Shot Blocked by Sean Walker.
3:19 of 1st period - Snap shot by Dylan Larkin.
3:19 of 1st period - Stopped by Alex Nedeljkovic with a rebound.
3:31 of 1st period - Simon Despres is hit by Kirill Kaprizov and loses puck.
4:11 of 1st period - Max McCormick is hit by Ben Hanowski and loses puck.
4:18 of 1st period - Snap shot by Dylan Larkin.
4:18 of 1st period - Shot Misses the Net.
4:20 of 1st period - Wrist shot by Dylan Larkin.
4:20 of 1st period - Stopped by Alex Nedeljkovic without a rebound.
4:21 of 1st period - Oscar Sundqvist wins face-off versus Mathew Barzal in Crunch zone.
4:32 of 1st period - Slapshot by Simon Despres.
4:32 of 1st period - Deflect By Danny Kristo.
4:32 of 1st period - Stopped by Alex Nedeljkovic without a rebound.
4:33 of 1st period - Dylan Strome wins face-off versus Dylan Larkin in Crunch zone.
4:47 of 1st period - Icing by Simon Despres.
4:48 of 1st period - Dylan Larkin wins face-off versus Anthony Cirelli in Griffins zone.
5:09 of 1st period - Slapshot by Ben Hanowski.
5:09 of 1st period - Shot Misses the Net.
5:17 of 1st period - Minor Penalty to Ben Hanowski for Hooking.
5:18 of 1st period - Brock Boeser wins face-off versus Brendan Woods in Griffins zone.
5:52 of 1st period - Off-side.
5:53 of 1st period - Brandon Pirri wins face-off versus Dylan Strome in neutral zone.
5:56 of 1st period - Wrist shot by Brandon Pirri.
5:56 of 1st period - Stopped by Alex Nedeljkovic with a rebound.
6:54 of 1st period - Slapshot by Cody Goloubef.
6:54 of 1st period - Shot Blocked by Phil Oreskovic.
6:56 of 1st period - Snap shot by Cody Goloubef.
6:56 of 1st period - Shot Misses the Net.
6:58 of 1st period - Slapshot by Kevin Fiala.
6:58 of 1st period - Stopped by Olivier Roy with a rebound.
7:00 of 1st period - Slapshot by Cody Goloubef.
7:00 of 1st period - Shot Blocked by Brendan Woods.
7:02 of 1st period - Slapshot by Teemu Hartikainen.
7:02 of 1st period - Goal by Teemu Hartikainen - Crunch : 1 - Griffins : 0.
7:03 of 1st period - Adam Gaudette wins face-off versus Oscar Sundqvist in neutral zone.
7:06 of 1st period - Slapshot by Max Domi.
7:06 of 1st period - Stopped by Alex Nedeljkovic without a rebound.
7:07 of 1st period - Adam Gaudette wins face-off versus Oscar Sundqvist in Crunch zone.
8:18 of 1st period - Snap shot by Nicolas Aube-Kubel.
8:18 of 1st period - Shot Misses the Net.
8:20 of 1st period - Slapshot by Nicolas Aube-Kubel.
8:20 of 1st period - Deflect By Kirill Kaprizov.
8:20 of 1st period - Crunch goal is going for a video replay.
8:20 of 1st period - The goal is refused. The referee deems the play has been stopped, even if he had not physically had the opportunity to stop play by blowing his whistle..
8:21 of 1st period - Riley Armstrong wins face-off versus Dylan Strome in Griffins zone.
8:36 of 1st period - Backhand shot by Riley Armstrong.
8:36 of 1st period - Stopped by Alex Nedeljkovic without a rebound.
8:37 of 1st period - Anthony Cirelli wins face-off versus Dylan Larkin in Crunch zone.
8:37 of 1st period - Anthony Cirelli is hit by Tye McGinn.
9:15 of 1st period - Snap shot by Max Domi.
9:15 of 1st period - Stopped by Alex Nedeljkovic without a rebound.
9:16 of 1st period - Mathew Barzal wins face-off versus Oscar Sundqvist in Crunch zone.
9:19 of 1st period - Wrist shot by Brandon Pirri.
9:19 of 1st period - Stopped by Alex Nedeljkovic with a rebound.
9:25 of 1st period - Snap shot by William Nylander.
9:25 of 1st period - Shot Misses the Net.
9:27 of 1st period - Snap shot by Oscar Sundqvist.
9:27 of 1st period - Shot Blocked by Simon Despres.
9:29 of 1st period - Wrist shot by Oscar Sundqvist.
9:29 of 1st period - Shot Misses the Net.
9:31 of 1st period - Wrist shot by Brock Boeser.
9:31 of 1st period - Stopped by Olivier Roy without a rebound.
9:32 of 1st period - Anthony Cirelli wins face-off versus Riley Armstrong in Griffins zone.
10:04 of 1st period - Slapshot by Cody Goloubef.
10:04 of 1st period - Stopped by Olivier Roy without a rebound.
10:05 of 1st period - Dylan Larkin wins face-off versus Dylan Strome in Griffins zone.
10:05 of 1st period - Dylan Larkin is hit by Dylan Strome.
10:32 of 1st period - Minor Penalty to Riley Armstrong for Holding.
10:33 of 1st period - Oscar Sundqvist wins face-off versus Danny Kristo in Griffins zone.
10:58 of 1st period - Kevin Fiala is hit by Tye McGinn and loses puck.
12:22 of 1st period - Kevin Fiala is hit by Brendan Woods and loses puck.
12:32 of 1st period - Penalty to Riley Armstrong is over, Riley Armstrong is back on ice.
13:02 of 1st period - Nicolas Aube-Kubel is hit by Ben Hanowski and loses puck.
13:46 of 1st period - Icing by Brendan Guhle.
13:47 of 1st period - Dylan Larkin wins face-off versus Anthony Cirelli in Crunch zone.
13:49 of 1st period - Minor Penalty to Marcus Pettersson for Cross-checking.
13:50 of 1st period - Oscar Sundqvist wins face-off versus Danny Kristo in Griffins zone.
14:24 of 1st period - Wrist shot by Teemu Hartikainen.
14:24 of 1st period - Stopped by Olivier Roy with a rebound.
15:49 of 1st period - Penalty to Marcus Pettersson is over, Marcus Pettersson is back on ice.
16:08 of 1st period - Riley Armstrong is hit by Dalton Smith and loses puck.
16:15 of 1st period - Cody Goloubef is hit by Max Domi.
16:50 of 1st period - Tye McGinn is hit by William Nylander and loses puck.
17:05 of 1st period - Brock Boeser is hit by Simon Despres and loses puck.
17:38 of 1st period - Snap shot by Teemu Hartikainen.
17:38 of 1st period - Deflect By Kevin Fiala.
17:38 of 1st period - Shot Misses the Net.
17:38 of 1st period - Puck is out of play.
17:39 of 1st period - Mathew Barzal wins face-off versus Anthony Cirelli in Griffins zone.
17:39 of 1st period - Mathew Barzal is hit by Anthony Cirelli.
17:45 of 1st period - Teemu Hartikainen is hit by Brandon Pirri.
17:55 of 1st period - Jordie Benn is hit by Teemu Hartikainen and loses puck.
18:04 of 1st period - Wrist shot by Kevin Fiala.
18:04 of 1st period - Deflect By Teemu Hartikainen.
18:04 of 1st period - Shot Misses the Net.
18:04 of 1st period - Puck is out of play.
18:05 of 1st period - Dylan Larkin wins face-off versus Oscar Sundqvist in Griffins zone.
18:14 of 1st period - Wrist shot by Oscar Sundqvist.
18:14 of 1st period - Stopped by Olivier Roy without a rebound.
18:15 of 1st period - Oscar Sundqvist wins face-off versus Dylan Larkin in Griffins zone.
18:18 of 1st period - Slapshot by William Nylander.
18:18 of 1st period - Shot Blocked by Simon Despres.
18:33 of 1st period - Off-side.
18:34 of 1st period - Riley Armstrong wins face-off versus Anthony Cirelli in neutral zone.
18:39 of 1st period - Wrist shot by Max Domi.
18:39 of 1st period - Deflect By Riley Armstrong.
18:39 of 1st period - Shot Misses the Net.
18:39 of 1st period - Puck is out of play.
18:40 of 1st period - Anthony Cirelli wins face-off versus Adam Gaudette in Crunch zone.
18:49 of 1st period - Snap shot by Max Domi.
18:49 of 1st period - Deflect By Riley Armstrong.
18:49 of 1st period - Shot Blocked by Cody Goloubef.
18:49 of 1st period - Puck is out of play.
18:50 of 1st period - Dylan Larkin wins face-off versus Kevin Fiala in Crunch zone.
18:57 of 1st period - Snap shot by Tye McGinn.
18:57 of 1st period - Stopped by Alex Nedeljkovic with a rebound.
18:59 of 1st period - Wrist shot by Dylan Larkin.
18:59 of 1st period - Stopped by Alex Nedeljkovic without a rebound.
19:00 of 1st period - Dylan Larkin wins face-off versus Anthony Cirelli in Crunch zone.
19:01 of 1st period - Wrist shot by Tye McGinn.
19:01 of 1st period - Stopped by Alex Nedeljkovic without a rebound.
19:02 of 1st period - Dylan Larkin wins face-off versus Oscar Sundqvist in Crunch zone.
19:11 of 1st period - Wrist shot by Dylan Larkin.
19:11 of 1st period - Shot Blocked by Cody Goloubef.
19:32 of 1st period - Max Domi is hit by Cody Goloubef and loses puck.
19:51 of 1st period - Snap shot by Nicolas Aube-Kubel.
19:51 of 1st period - Shot Misses the Net.
19:53 of 1st period - Wrist shot by Kirill Kaprizov.
19:53 of 1st period - Stopped by Olivier Roy with a rebound.
19:55 of 1st period - Slapshot by Matt Tennyson.
19:55 of 1st period - Shot Misses the Net.
19:57 of 1st period - Slapshot by Matt Tennyson.
19:57 of 1st period - Stopped by Olivier Roy without a rebound.
19:58 of 1st period - Ben Hanowski wins face-off versus Oscar Sundqvist in Griffins zone.
Goals for this period are 1 for Crunch vs 0 for Griffins.
Shots for this period are 12 for Crunch vs 13 for Griffins.
2nd period
0:01 of 2nd period - Oscar Sundqvist wins face-off versus Dylan Larkin in neutral zone.
0:05 of 2nd period - Noah Hanifin is hit by Jordie Benn and loses puck.
0:12 of 2nd period - Snap shot by Dylan Larkin.
0:12 of 2nd period - Goal by Dylan Larkin - Crunch : 1 - Griffins : 1.
0:13 of 2nd period - Dylan Larkin wins face-off versus Nicolas Aube-Kubel in neutral zone.
0:43 of 2nd period - Anthony Cirelli is hit by Adam Gaudette.
0:49 of 2nd period - Snap shot by Kevin Fiala.
0:49 of 2nd period - Shot Blocked by Phil Oreskovic.
1:48 of 2nd period - Backhand shot by Cody Goloubef.
1:48 of 2nd period - Shot Blocked by Ryan Pulock.
1:50 of 2nd period - Slapshot by Matt Tennyson.
1:50 of 2nd period - Stopped by Olivier Roy without a rebound.
1:51 of 2nd period - Anthony Cirelli wins face-off versus Riley Armstrong in Griffins zone.
1:52 of 2nd period - Wrist shot by Teemu Hartikainen.
1:52 of 2nd period - Shot Misses the Net.
2:04 of 2nd period - Slapshot by Riley Armstrong.
2:04 of 2nd period - Deflect By Max Domi.
2:04 of 2nd period - Shot Misses the Net.
2:04 of 2nd period - Puck is out of play.
2:05 of 2nd period - Dylan Larkin wins face-off versus Oscar Sundqvist in Crunch zone.
2:05 of 2nd period - Dylan Larkin is hit by Cody Goloubef.
2:13 of 2nd period - Slapshot by Tye McGinn.
2:13 of 2nd period - Stopped by Alex Nedeljkovic with a rebound.
2:15 of 2nd period - Snap shot by Tye McGinn.
2:15 of 2nd period - Goal by Tye McGinn - Crunch : 1 - Griffins : 2.
2:16 of 2nd period - Dylan Larkin wins face-off versus Oscar Sundqvist in neutral zone.
2:19 of 2nd period - Snap shot by Simon Despres.
2:19 of 2nd period - Stopped by Alex Nedeljkovic with a rebound.
2:41 of 2nd period - Travis Sanheim is hit by Matt Tennyson and loses puck.
3:00 of 2nd period - Minor Penalty to Kevin Fiala for Tripping.
3:01 of 2nd period - Dylan Larkin wins face-off versus Oscar Sundqvist in Crunch zone.
3:06 of 2nd period - Minor Penalty to Marcus Pettersson for Cross-checking.
3:07 of 2nd period - Dylan Larkin wins face-off versus Oscar Sundqvist in Griffins zone.
3:46 of 2nd period - Jordie Benn is hit by Matt Tennyson and loses puck.
3:57 of 2nd period - Snap shot by Max Domi.
3:57 of 2nd period - Shot Blocked by Cody Goloubef.
3:59 of 2nd period - Slapshot by Simon Despres.
3:59 of 2nd period - Shot Blocked by Anthony Cirelli.
4:18 of 2nd period - Sean Walker is hit by Jordie Benn and loses puck.
4:31 of 2nd period - Slapshot by Travis Sanheim.
4:31 of 2nd period - Stopped by Alex Nedeljkovic without a rebound.
4:32 of 2nd period - Dylan Larkin wins face-off versus Oscar Sundqvist in Crunch zone.
4:55 of 2nd period - Snap shot by Adam Gaudette.
4:55 of 2nd period - Stopped by Alex Nedeljkovic with a rebound.
5:00 of 2nd period - Penalty to Kevin Fiala is over, Kevin Fiala is back on ice.
5:06 of 2nd period - Penalty to Marcus Pettersson is over, Marcus Pettersson is back on ice.
5:07 of 2nd period - Wrist shot by Marcus Pettersson.
5:07 of 2nd period - Stopped by Alex Nedeljkovic with a rebound.
5:31 of 2nd period - Snap shot by Marcus Pettersson.
5:31 of 2nd period - Shot Misses the Net.
5:33 of 2nd period - Wrist shot by Phil Oreskovic.
5:33 of 2nd period - Deflect By Adam Gaudette.
5:33 of 2nd period - Shot Misses the Net.
5:33 of 2nd period - Puck is out of play.
5:34 of 2nd period - Mathew Barzal wins face-off versus Dylan Strome in Crunch zone.
5:42 of 2nd period - Off-side.
5:43 of 2nd period - Dylan Strome wins face-off versus Mathew Barzal in neutral zone.
5:46 of 2nd period - Snap shot by Nicolas Aube-Kubel.
5:46 of 2nd period - Stopped by Olivier Roy with a rebound.
5:56 of 2nd period - Nicolas Aube-Kubel is hit by Brandon Pirri and loses puck.
6:14 of 2nd period - Minor Penalty to Brandon Pirri for Interference.
6:15 of 2nd period - Oscar Sundqvist wins face-off versus Danny Kristo in Griffins zone.
6:18 of 2nd period - Minor Penalty to Noah Hanifin for Tripping.
6:19 of 2nd period - Oscar Sundqvist wins face-off versus Dylan Larkin in Crunch zone.
6:27 of 2nd period - Slapshot by Oscar Sundqvist.
6:27 of 2nd period - Shot Blocked by Dylan Larkin.
6:29 of 2nd period - Slapshot by Brock Boeser.
6:29 of 2nd period - Shot Blocked by Tye McGinn.
6:31 of 2nd period - Slapshot by Matt Tennyson.
6:31 of 2nd period - Shot Misses the Net.
7:01 of 2nd period - Slapshot by Matt Tennyson.
7:01 of 2nd period - Stopped by Olivier Roy with a rebound.
7:17 of 2nd period - Brock Boeser is hit by Marcus Pettersson and loses puck.
7:18 of 2nd period - Brock Boeser from Crunch is injured at 7:18 of 2nd period (Bruised Right Foot).
7:19 of 2nd period - Dylan Larkin wins face-off versus Oscar Sundqvist in Crunch zone.
7:24 of 2nd period - Snap shot by Tye McGinn.
7:24 of 2nd period - Stopped by Alex Nedeljkovic with a rebound.
7:26 of 2nd period - Wrist shot by Tye McGinn.
7:26 of 2nd period - Goal by Tye McGinn - Crunch : 1 - Griffins : 3.
7:27 of 2nd period - Dylan Larkin wins face-off versus Oscar Sundqvist in neutral zone.
7:38 of 2nd period - Slapshot by Tye McGinn.
7:38 of 2nd period - Stopped by Alex Nedeljkovic with a rebound.
8:14 of 2nd period - Penalty to Brandon Pirri is over, Brandon Pirri is back on ice.
8:18 of 2nd period - Penalty to Noah Hanifin is over, Noah Hanifin is back on ice.
8:43 of 2nd period - Wrist shot by Adam Gaudette.
8:43 of 2nd period - Shot Blocked by Noah Hanifin.
8:45 of 2nd period - Slapshot by Adam Gaudette.
8:45 of 2nd period - Deflect By Brandon Pirri.
8:45 of 2nd period - Stopped by Alex Nedeljkovic with a rebound.
8:47 of 2nd period - Snap shot by Max Domi.
8:47 of 2nd period - Shot Misses the Net.
8:49 of 2nd period - Snap shot by Adam Gaudette.
8:49 of 2nd period - Goal by Adam Gaudette - Crunch : 1 - Griffins : 4.
8:50 of 2nd period - Anthony Cirelli wins face-off versus Dylan Larkin in neutral zone.
9:43 of 2nd period - Off-side.
9:44 of 2nd period - Anthony Cirelli wins face-off versus Dylan Larkin in neutral zone.
9:47 of 2nd period - Slapshot by Noah Hanifin.
9:47 of 2nd period - Shot Misses the Net.
9:49 of 2nd period - Slapshot by Noah Hanifin.
9:49 of 2nd period - Deflect By Dylan Larkin.
9:49 of 2nd period - Stopped by Olivier Roy without a rebound.
9:50 of 2nd period - Anthony Cirelli wins face-off versus Dylan Larkin in Griffins zone.
9:51 of 2nd period - Wrist shot by Kevin Fiala.
9:51 of 2nd period - Stopped by Olivier Roy without a rebound.
9:52 of 2nd period - Anthony Cirelli wins face-off versus Dylan Larkin in Griffins zone.
10:07 of 2nd period - Slapshot by Kevin Fiala.
10:07 of 2nd period - Shot Blocked by Tye McGinn.
10:21 of 2nd period - Snap shot by Adam Gaudette.
10:21 of 2nd period - Stopped by Alex Nedeljkovic without a rebound.
10:22 of 2nd period - Dylan Strome wins face-off versus Riley Armstrong in Crunch zone.
11:07 of 2nd period - Nicolas Aube-Kubel is hit by Riley Armstrong and loses puck.
11:30 of 2nd period - Slapshot by Matt Tennyson.
11:30 of 2nd period - Shot Blocked by Marcus Pettersson.
11:44 of 2nd period - Slapshot by Dylan Strome.
11:44 of 2nd period - Shot Misses the Net.
11:46 of 2nd period - Slapshot by Kirill Kaprizov.
11:46 of 2nd period - Shot Blocked by Riley Armstrong.
12:12 of 2nd period - Snap shot by Nicolas Aube-Kubel.
12:12 of 2nd period - Deflect By Kirill Kaprizov.
12:12 of 2nd period - Stopped by Olivier Roy with a rebound.
12:14 of 2nd period - Wrist shot by Kirill Kaprizov.
12:14 of 2nd period - Goal by Kirill Kaprizov - Crunch : 2 - Griffins : 4.
12:15 of 2nd period - Dylan Larkin wins face-off versus Anthony Cirelli in neutral zone.
12:17 of 2nd period - Off-side.
12:18 of 2nd period - Dylan Larkin wins face-off versus Anthony Cirelli in neutral zone.
12:49 of 2nd period - Slapshot by Danny Kristo.
12:49 of 2nd period - Shot Blocked by Noah Hanifin.
12:51 of 2nd period - Slapshot by Travis Sanheim.
12:51 of 2nd period - Stopped by Alex Nedeljkovic with a rebound.
13:03 of 2nd period - Snap shot by Chase De Leo.
13:03 of 2nd period - Deflect By Dalton Smith.
13:03 of 2nd period - Stopped by Olivier Roy without a rebound.
13:04 of 2nd period - Chase De Leo wins face-off versus Rourke Chartier in Griffins zone.
13:13 of 2nd period - Wrist shot by Dalton Smith.
13:13 of 2nd period - Stopped by Olivier Roy with a rebound.
14:10 of 2nd period - Wrist shot by Sonny Milano.
14:10 of 2nd period - Stopped by Alex Nedeljkovic with a rebound.
14:12 of 2nd period - Slapshot by Jordie Benn.
14:12 of 2nd period - Shot Blocked by Cody Goloubef.
14:14 of 2nd period - Wrist shot by Brendan Woods.
14:14 of 2nd period - Shot Misses the Net.
14:16 of 2nd period - Snap shot by Rourke Chartier.
14:16 of 2nd period - Stopped by Alex Nedeljkovic without a rebound.
14:17 of 2nd period - Oscar Sundqvist wins face-off versus Dylan Larkin in Crunch zone.
14:41 of 2nd period - Dylan Strome is hit by Brandon Pirri and loses puck.
15:03 of 2nd period - Wrist shot by Max Domi.
15:03 of 2nd period - Shot Misses the Net.
15:05 of 2nd period - Wrist shot by Travis Sanheim.
15:05 of 2nd period - Shot Blocked by Matt Tennyson.
16:13 of 2nd period - Mathew Barzal is hit by Oscar Sundqvist and loses puck.
16:30 of 2nd period - Snap shot by Kevin Fiala.
16:30 of 2nd period - Shot Misses the Net.
16:52 of 2nd period - Kirill Kaprizov is hit by Sonny Milano and loses puck.
17:16 of 2nd period - Icing by Ben Hanowski.
17:17 of 2nd period - Mathew Barzal wins face-off versus Oscar Sundqvist in Griffins zone.
17:44 of 2nd period - Snap shot by Kevin Fiala.
17:44 of 2nd period - Goal by Kevin Fiala - Crunch : 3 - Griffins : 4.
17:45 of 2nd period - Dylan Larkin wins face-off versus Anthony Cirelli in neutral zone.
17:50 of 2nd period - Anthony Cirelli is hit by Tye McGinn and loses puck.
18:42 of 2nd period - Snap shot by Chase De Leo.
18:42 of 2nd period - Stopped by Olivier Roy without a rebound.
18:43 of 2nd period - Anthony Cirelli wins face-off versus Dylan Larkin in Griffins zone.
18:57 of 2nd period - Off-side.
18:58 of 2nd period - Oscar Sundqvist wins face-off versus Dylan Larkin in neutral zone.
19:08 of 2nd period - Minor Penalty to Ben Hanowski for Tripping.
19:09 of 2nd period - Oscar Sundqvist wins face-off versus Danny Kristo in Griffins zone.
19:25 of 2nd period - Brendan Woods is hit by Nicolas Aube-Kubel and loses puck.
19:37 of 2nd period - Off-side.
19:38 of 2nd period - Dylan Strome wins face-off versus Brandon Pirri in neutral zone.
Goals for this period are 2 for Crunch vs 4 for Griffins.
Shots for this period are 11 for Crunch vs 16 for Griffins.
3rd period
0:01 of 3rd period - Brendan Woods wins face-off versus Oscar Sundqvist in neutral zone.
0:06 of 3rd period - Snap shot by Danny Kristo.
0:06 of 3rd period - Shot Blocked by Noah Hanifin.
0:08 of 3rd period - Wrist shot by Danny Kristo.
0:08 of 3rd period - Shot Misses the Net.
0:10 of 3rd period - Slapshot by Simon Despres.
0:10 of 3rd period - Deflect By Nicolas Aube-Kubel.
0:10 of 3rd period - Stopped by Alex Nedeljkovic without a rebound.
0:11 of 3rd period - Danny Kristo wins face-off versus Oscar Sundqvist in Crunch zone.
0:59 of 3rd period - Slapshot by Tye McGinn.
0:59 of 3rd period - Stopped by Alex Nedeljkovic with a rebound.
1:08 of 3rd period - Penalty to Ben Hanowski is over, Ben Hanowski is back on ice.
1:19 of 3rd period - Slapshot by Ben Hanowski.
1:19 of 3rd period - Deflect By Cody Goloubef.
1:19 of 3rd period - Shot Misses the Net.
1:19 of 3rd period - Puck is out of play.
1:20 of 3rd period - Anthony Cirelli wins face-off versus Dylan Larkin in Crunch zone.
1:35 of 3rd period - Wrist shot by Teemu Hartikainen.
1:35 of 3rd period - Stopped by Olivier Roy with a rebound.
1:54 of 3rd period - Travis Sanheim is hit by Kirill Kaprizov and loses puck.
2:20 of 3rd period - Matt Tennyson is hit by Marcus Pettersson.
2:26 of 3rd period - Wrist shot by Nicolas Aube-Kubel.
2:26 of 3rd period - Stopped by Olivier Roy without a rebound.
2:27 of 3rd period - Mathew Barzal wins face-off versus Anthony Cirelli in Griffins zone.
2:32 of 3rd period - Slapshot by Phil Oreskovic.
2:32 of 3rd period - Stopped by Alex Nedeljkovic with a rebound.
3:02 of 3rd period - Slapshot by Dylan Larkin.
3:02 of 3rd period - Stopped by Alex Nedeljkovic with a rebound.
3:18 of 3rd period - Matt Tennyson is hit by Riley Armstrong and loses puck.
5:42 of 3rd period - William Nylander is hit by Travis Sanheim and loses puck.
6:07 of 3rd period - Snap shot by Travis Sanheim.
6:07 of 3rd period - Deflect By Rourke Chartier.
6:07 of 3rd period - Stopped by Alex Nedeljkovic without a rebound.
6:08 of 3rd period - Chase De Leo wins face-off versus Rourke Chartier in Crunch zone.
6:47 of 3rd period - Chase De Leo is hit by Adam Gaudette and loses puck.
6:53 of 3rd period - Off-side.
6:54 of 3rd period - Riley Armstrong wins face-off versus Anthony Cirelli in neutral zone.
7:26 of 3rd period - Snap shot by Noah Hanifin.
7:26 of 3rd period - Deflect By Ben Hanowski.
7:26 of 3rd period - Stopped by Olivier Roy with a rebound.
7:28 of 3rd period - Snap shot by Oscar Sundqvist.
7:28 of 3rd period - Stopped by Olivier Roy with a rebound.
8:23 of 3rd period - Wrist shot by Nicolas Aube-Kubel.
8:23 of 3rd period - Stopped by Olivier Roy with a rebound.
8:27 of 3rd period - Wrist shot by Kirill Kaprizov.
8:27 of 3rd period - Stopped by Olivier Roy without a rebound.
8:28 of 3rd period - Riley Armstrong wins face-off versus Oscar Sundqvist in Griffins zone.
8:54 of 3rd period - Nicolas Aube-Kubel is hit by Ben Hanowski and loses puck.
9:15 of 3rd period - Snap shot by Danny Kristo.
9:15 of 3rd period - Shot Blocked by Noah Hanifin.
9:55 of 3rd period - Slapshot by Riley Armstrong.
9:55 of 3rd period - Shot Misses the Net.
9:57 of 3rd period - Snap shot by Riley Armstrong.
9:57 of 3rd period - Stopped by Alex Nedeljkovic with a rebound.
9:59 of 3rd period - Slapshot by Riley Armstrong.
9:59 of 3rd period - Stopped by Alex Nedeljkovic with a rebound.
10:01 of 3rd period - Slapshot by Travis Sanheim.
10:01 of 3rd period - Shot Blocked by Sean Walker.
10:03 of 3rd period - Snap shot by Adam Gaudette.
10:03 of 3rd period - Stopped by Alex Nedeljkovic without a rebound.
10:04 of 3rd period - Dylan Larkin wins face-off versus Anthony Cirelli in Crunch zone.
10:17 of 3rd period - Slapshot by Teemu Hartikainen.
10:17 of 3rd period - Shot Blocked by Jordie Benn.
10:19 of 3rd period - Slapshot by Matt Tennyson.
10:19 of 3rd period - Stopped by Olivier Roy without a rebound.
10:20 of 3rd period - Oscar Sundqvist wins face-off versus Riley Armstrong in Griffins zone.
10:20 of 3rd period - Minor Penalty to Oscar Sundqvist for Interference.
10:21 of 3rd period - Max Domi wins face-off versus Anthony Cirelli in Crunch zone.
12:20 of 3rd period - Penalty to Oscar Sundqvist is over, Oscar Sundqvist is back on ice.
13:02 of 3rd period - Tye McGinn is hit by Oscar Sundqvist and loses puck.
14:33 of 3rd period - Sonny Milano is hit by Kevin Fiala and loses puck.
14:57 of 3rd period - Oscar Sundqvist is hit by Travis Sanheim and loses puck.
15:08 of 3rd period - Riley Armstrong is hit by Teemu Hartikainen.
17:00 of 3rd period - Noah Hanifin is hit by Dylan Larkin and loses puck.
17:27 of 3rd period - Dylan Strome is hit by Brendan Woods and loses puck.
18:50 of 3rd period - Dylan Larkin is hit by Noah Hanifin and loses puck.
19:03 of 3rd period - Crunch, Alex Nedeljkovic is pulled from the net.
19:03 of 3rd period - Wrist shot by Oscar Sundqvist.
19:03 of 3rd period - Deflect By Simon Despres.
19:03 of 3rd period - Stopped by Olivier Roy with a rebound.
19:49 of 3rd period - Snap shot by Oscar Sundqvist.
19:49 of 3rd period - Shot Misses the Net.
Goals for this period are 0 for Crunch vs 0 for Griffins.
Shots for this period are 8 for Crunch vs 8 for Griffins.